 Dungeon Crawl Stone Soup version 0.30-a0-738-g116ff8c4af (webtiles) character file.

Game seed: 9798241508516585046

98 Chaicat the Trooper (level 4, -1/41 HPs)
             Began as a Hill Orc Fighter on Feb 1, 2023.
             Constricted to death by Ijyb (3 damage)
             ... on level 3 of the Dungeon on Feb 3, 2023.
             The game lasted 00:08:02 (1742 turns).

Chaicat the Trooper (Hill Orc Fighter)              Turns: 1742, Time: 00:08:03

Health: -1/41      AC:  8    Str: 24    XL:     4   Next: 71%
Magic:  4/4        EV: 12    Int: 12    God:
Gold:   132        SH:  5    Dex: 14    Spells: 3/3 levels left

rFire   . . .      SeeInvis .    a - +1 war axe
rCold   . . .      Faith    .    c - +0 buckler
rNeg    . . .      Spirit   .    n - +4 robe of Augmentation {Str+4 Int+4 Dex+4}
rPois   +          Reflect  .    (no helmet)
rElec   .          Harm     .    k - +1 cloak
rCorr   .          Rampage  .    (no gloves)
Will    .....                    (no boots)
Stlth   +                        (no amulet)
HPRegen 0.26/turn                j - +5 ring of evasion
MPRegen 0.09/turn                p - ring of poison resistance

@: grasped by roots, constricted
A: no striking features
a: no special abilities


You were on level 3 of the Dungeon.
You visited 1 branch of the dungeon, and saw 3 of its levels.

You collected 132 gold pieces.

Inventory:

Hand Weapons
 a - a +1 war axe (weapon)
Armour
 c - a +0 buckler (worn)
 g - a +0 plate armour
 k - a +1 cloak (worn)
 n - the +4 robe of Augmentation (worn) {Str+4 Int+4 Dex+4}
   (You found it on level 3 of the Dungeon)

   Str:       It affects your strength (+4).
   Int:       It affects your intelligence (+4).
   Dex:       It affects your dexterity (+4).
Jewellery
 b - an amulet of faith
 j - a +5 ring of evasion (left hand)
 p - a ring of poison resistance (right hand)
Wands
 r - a wand of roots (11)
Scrolls
 h - 2 scrolls of teleportation
Potions
 d - 2 potions of might
 e - 3 potions of attraction {unknown}
 f - a potion of brilliance {unknown}
 i - 3 potions of haste {unknown}
 l - 3 potions of curing {unknown}
 m - a potion of cancellation {unknown}
 o - a potion of experience {unknown}
 q - a potion of flight {unknown}
 s - a potion of magic {unknown}


   Skills:
 + Level 4.4 Fighting
 + Level 3.9 Axes
 + Level 4.1 Armour
 + Level 4.0 Shields


You had 3 spell levels left.
You didn't know any spells.
Your spell library was empty.

Dungeon Overview and Level Annotations

Branches:
Dungeon (3/15)

Altars:

Annotations:
D:3 Ijyb


Message History

You hit the frilled lizard.
You kill the frilled lizard!
You hit the adder. You block the adder's attack. Ijyb hits you with a +0 club.
The grasping roots constrict you. The adder closely misses you.
You closely miss Ijyb.
Ijyb is moderately wounded.
You slash the adder! The adder barely misses you. Ijyb hits you with a +0 club.
The grasping roots constrict you. The adder closely misses you.
The grasping roots release their grip on you.
You miss the adder.
The adder is almost dead.
You barely miss Ijyb.
Ijyb zaps a wand.
The roots erupt in riotous growth!
The grasping roots grab you!
The adder is unaffected.
Ijyb is unaffected.
The now-empty wand crumbles to dust.
The grasping roots constrict you. The adder misses you.
You block Ijyb's attack. The grasping roots constrict you!
* * * LOW HITPOINT WARNING * * *
You are too injured to fight recklessly!
Unknown command.
You hit Ijyb.
Ijyb is heavily wounded.
You barely miss the adder. The adder barely misses you.
The adder bites you but does no damage. Ijyb hits you but does no damage.
The grasping roots constrict you.
* * * LOW HITPOINT WARNING * * *
You hit Ijyb but do no damage.
Ijyb is heavily wounded.
You closely miss the adder. The adder barely misses you.
Ijyb hits you but does no damage. The grasping roots constrict you.
* * * LOW HITPOINT WARNING * * *
The adder misses you.
You hit Ijyb.
Ijyb is severely wounded.
You barely miss the adder. Ijyb hits you but does no damage.
The grasping roots constrict you.
* * * LOW HITPOINT WARNING * * *
The adder bites you but does no damage. Ijyb hits you but does no damage.
The grasping roots constrict you.
You die...

.......# #.# #.#
.#.##### #.# #.#
.#.#######.######.#
##.##.............#
#.##.............#
#.##.............#
..##..)..........#
#########.........#
...>...##.......@.#
.......##......Sg†#
.......##.........#
..)....# ........=#
.......# .........#
.......# .........#
.......# .........#
.......# .........#
###.####


You could see Ijyb and an adder.

Vanquished Creatures
  5 adders
  5 ball pythons
  5 bats
  8 endoplasms
  3 giant cockroaches
  3 goblins
  8 hobgoblins
  2 quokkas (D:2)
  3 frilled lizards
  5 kobolds
  2 rats
49 creatures vanquished.

Notes
Turn   | Place    | Note
-------+----------+-------------------------------------------
     0 | D:1      | Chaicat the Hill Orc Fighter began the quest for the Orb.
     0 | D:1      | Reached XP level 1. HP: 19/19 MP: 1/1
     8 | D:1      | Noticed a minotaur zombie
   199 | D:1      | Reached XP level 2. HP: 15/27 MP: 2/2
   821 | D:2      | Reached XP level 3. HP: 33/33 MP: 3/3
  1050 | D:2      | Reached XP level 4. HP: 40/40 MP: 4/4
  1245 | D:2      | Upgraded the game from 0.30-a0-737-gf23d94013f to
                  | 0.30-a0-738-g116ff8c4af
  1419 | D:3      | Found the +4 robe of Augmentation {Str+4 Int+4 Dex+4}
  1731 | D:3      | Noticed Ijyb
  1742 | D:3      | HP: 2/41 [constriction (5)]
  1742 | D:3      | Constricted to death by Ijyb

Illustrated notes

Levels and vault maps discovered:
D:1:      shiori_arrival_whats_in_store_for_you, layout_basic
D:2:      layout_rooms, minmay_domino_2
D:3:      layout_basic, uniq_ijyb

Skill      XL: |  1  2  3  4 |
---------------+-------------+-----
Axes           | 3 |  3.9
Fighting       | 4 |  4.4
Armour         | 4 |  4.1
Shields        | 4 |  4.0

Action                     |  1- 3 |  4- 6 || total
---------------------------+-------+-------++-------
  Melee: War axe           |   107 |    53 ||   160
    Use: Scroll            |     5 |     3 ||     8
 Armour: Scale mail        |     4 |       ||     4
         Plate armour      |    68 |    14 ||    82
         Robe              |       |    17 ||    17
  Dodge: Dodged            |    21 |    43 ||    64
  Block: Buckler           |    24 |    10 ||    34

Table legend: (Time is in decaauts)
 A = Elapsed time spent in this place.
 B = Non-inter-level travel time spent in this place.
 C = Inter-level travel time spent in this place.
 D = Time resting spent in this place.
 E = Time spent auto-exploring this place.
 F = Levels seen in this place.
 G = Mean time per level.
                   A        B        C        D        E       F      G
               +--------+--------+--------+--------+--------+-----+--------+
         Total |   1799 |   1775 |     24 |      0 |   1122 |   3 |  599.7 |
       Dungeon |   1799 |   1775 |     24 |      0 |   1122 |   3 |  599.7 |
               +--------+--------+--------+--------+--------+-----+--------+

Top non-repeatable levels by time:
     D:1: 832 daAuts
     D:2: 580 daAuts
     D:3: 386 daAuts
